 Seeded DCSS version 0.31-a0-18-gea43df2a32 (webtiles) character file.

Game seed: 9916769684995633509 (custom seed)

1113 Mickster the Cleaver (level 8, 0/70 HPs)
             Began as a Hill Orc Berserker on May 11, 2023.
             Was a Believer of Trog.
             Slain by a gnoll sergeant
             ... wielding a +0 spear
              (3 damage)
             ... on level 7 of the Dungeon on May 12, 2023.
             The game lasted 00:42:26 (4449 turns).

Mickster the Cleaver (Hill Orc Berserker)           Turns: 4449, Time: 00:42:27

Health: 0/70       AC: 12    Str: 22    XL:     8   Next: 33%
Magic:  8/8        EV: 16    Int:  7    God:    Trog [**....]
Gold:   52         SH:  0    Dex: 10    Spells: 7/7 levels left

rFire   . . .        A - +0 war axe
rCold   . . .        (no shield)
rNeg    . . .        z - +0 ring mail "Ticuriem" {Rampage Stlth+}
rPois   .            (no helmet)
rElec   .            p - +1 cloak
rCorr   .            (no gloves)
SInv    .            (no boots)
Will    ++...        (no amulet)
Stlth   ++           u - +5 ring of evasion
HPRegen 1.31/turn    s - +4 ring of protection
MPRegen 0.11/turn

%: rampage
@: strong-willed, on berserk cooldown, regenerating, slowed, very slow
A: no striking features
a: Renounce Religion, Berserk, Trog's Hand


You were on level 7 of the Dungeon.
You worshipped Trog.
Trog was pleased with you.
You visited 1 branch of the dungeon, and saw 7 of its levels.

You collected 225 gold pieces.
You spent 173 gold pieces at shops.

Inventory:

Hand Weapons
 a - a +0 hand axe
 b - a +1 mace of flaming
 c - a +0 scimitar
 o - a +4 quarterstaff of chaos
 y - a +0 mace of draining
 A - a +0 war axe (weapon)
Missiles
 i - 11 poisoned darts (quivered)
 j - 19 stones
 r - 4 boomerangs
 w - 2 atropa-tipped darts
Armour
 e - the +3 robe of the Lion {rCorr}
   (You found it on level 5 of the Dungeon)

   rCorr:     It protects you from acid and corrosion.
 g - a +1 ring mail
 l - a +0 scale mail
 p - a +1 cloak (worn)
 q - the +0 leather armour "Fohucs" {rF- Will+ Regen+ rCorr}
   (You found it on level 3 of the Dungeon)

   rF:        It makes you vulnerable to fire.
   Regen:     It increases your rate of health regeneration.
   rCorr:     It protects you from acid and corrosion.
   Will:      It increases your willpower.
 v - a +0 chain mail
 z - the +0 ring mail "Ticuriem" (worn) {Rampage Stlth+}
   (You found it on level 7 of the Dungeon)

   Rampage:   It bestows one free step when moving towards enemies.
   Stlth:     It makes you more stealthy.
Jewellery
 n - an amulet of magic regeneration
 s - a +4 ring of protection (right hand)
 t - a ring of protection from cold
 u - a +5 ring of evasion (left hand)
Wands
 B - a wand of quicksilver (3)
Scrolls
 d - 3 scrolls of teleportation
 k - a scroll of poison
 m - 2 scrolls of blinking
 x - a scroll of identify
 C - a scroll of fear
 D - a scroll of magic mapping
Potions
 f - a potion of heal wounds
 h - a potion of curing


   Skills:
 + Level 5.8 Fighting
 - Level 8.0 Axes
 * Level 1.0(5.2) Maces & Flails
 - Level 3.7(3.8) Staves
 + Level 0.3 Throwing
 + Level 5.0 Armour
 + Level 2.6 Dodging
 + Level 1.1 Stealth


You had 7 spell levels left.
You didn't know any spells.
Your spell library was empty.

Dungeon Overview and Level Annotations

Branches:
Dungeon (7/15)             Temple (0/1) D:5

Altars:
Nemelex Xobeh
Ru
Wu Jian
Xom

Shops:
D:1 *   D:5 *   D:7 !


Message History

The gnoll sergeant hits you with a +0 spear.
* * * LOW HITPOINT WARNING * * *
The gnoll closely misses you. The bullfrog misses you.
You hit the gnoll but do no damage.
The gnoll is almost dead.
The bullfrog barely misses you. The gnoll hits you but does no damage.
The gnoll sergeant hits you with a +0 spear.
* * * LOW HITPOINT WARNING * * *
The bullfrog closely misses you. The gnoll barely misses you.
The gnoll sergeant hits you but does no damage.
Your +1 mace of flaming stops flaming.
A - a +0 war axe (weapon)
The bullfrog hits you!
* * * LOW HITPOINT WARNING * * *
Something hits you but does no damage. The gnoll sergeant closely misses you.
The gnoll misses you.
Your skin crawls.
You feel strong-willed. The bullfrog misses you. The bullfrog hits you.
* * * LOW HITPOINT WARNING * * *
The gnoll hits you but does no damage. The gnoll sergeant misses you.
Something hits you but does no damage. The bullfrog barely misses you.
You slash the gnoll!
You kill the gnoll!
Trog accepts your kill.
You miss something. You closely miss the bullfrog.
You hit the gnoll sergeant but do no damage.
The bullfrog misses you. Something barely misses you.
The gnoll sergeant hits you with a +0 spear.
* * * LOW HITPOINT WARNING * * *
The bullfrog misses you. Something hits you but does no damage.
The gnoll sergeant hits you with a +0 spear.
* * * LOW HITPOINT WARNING * * *
Your Armour skill increases to level 5!
You closely miss the gnoll sergeant. You closely miss something.
You hit the bullfrog.
The bullfrog hits you but does no damage.
The bullfrog closely misses you.
The gnoll sergeant hits you with a +0 spear.
You die...

#...##...#.#####.
....#..............
....#.##...#.#####.
#...#.##.#.#.# #.
#.....##.#...# #.
#.....##.#...# #.
#.../.##.#.#..# #.
#{F.≈≈≈#.#.#..# #.
#)@g≈∩≈#.#.#..# #.
##)#≈≈.#...#..#
#.$)....(..#..#
#..#####.(....###
#........⌠......#
#..####.....~...#
#..........P~.....
######...#.....###
....##+...##


You could see a gnoll sergeant and a bullfrog.

Vanquished Creatures
  A black bear (D:6)
  An ice beast (D:5)
  An ogre (D:4)
  A centaur (D:7)
  A bullfrog (D:6)
  2 scorpions (D:5)
  A gnoll sergeant (D:6)
  A hound (D:6)
  3 jellies
  An orc priest (D:3)
  Crazy Yiuf (D:3)
  A sleepcap (D:5)
  An iguana (D:6)
  An orc wizard (D:3)
  6 gnolls
  12 adders
  A shadow imp (D:6)
  An ufetubus (D:5)
  A worm (D:3)
  2 dart slugs
  10 orcs
  4 bats
  5 endoplasms
  2 giant cockroaches
  2 goblins
  8 hobgoblins
  3 jackals (D:5)
  3 quokkas
  9 ball pythons
  3 frilled lizards
  2 kobolds
  4 rats
95 creatures vanquished.

Vanquished Creatures (others)
  5 dream sheep (D:5)
5 creatures vanquished.

Grand Total: 100 creatures vanquished

Notes
Turn   | Place    | Note
-------+----------+-------------------------------------------
     0 | D:1      | Mickster the Hill Orc Berserker began the quest for the
                  | Orb.
     0 | D:1      | Reached XP level 1. HP: 19/19 MP: 1/1
    36 | D:1      | Found a faded altar of an unknown god.
   205 | D:1      | Reached XP level 2. HP: 23/27 MP: 2/2
   373 | D:1      | Found Ikuruf's Assorted Antiques.
   577 | D:2      | Reached ** piety under Trog
   579 | D:2      | Reached XP level 3. HP: 33/33 MP: 3/3
   717 | D:2      | Reached skill level 5 in Axes
   995 | D:2      | Found a sacrificial altar of Ru.
  1269 | D:3      | Reached XP level 4. HP: 35/40 MP: 4/4
  1439 | D:3      | Found a runed translucent door.
  1440 | D:3      | Noticed Crazy Yiuf
  1453 | D:3      | Killed Crazy Yiuf
  1507 | D:3      | Reached skill level 6 in Axes
  1507 | D:3      | Reached XP level 5. HP: 6/47 MP: 5/5
  1767 | D:3      | Identified the +0 leather armour "Fohucs" {rF- Will+ Regen+
                  | rCorr}
  2270 | D:4      | Noticed an ogre
  2279 | D:4      | Killed an ogre
  2280 | D:4      | Reached skill level 7 in Axes
  2280 | D:4      | Reached XP level 6. HP: 55/55 MP: 6/6
  2392 | D:5      | Entered Level 5 of the Dungeon
  2392 | D:5      | Found a staircase to the Ecumenical Temple.
  2400 | D:5      | Identified the +3 robe of the Lion {rCorr}
  2458 | D:5      | Noticed a dream sheep
  2458 | D:5      | Noticed a dream sheep
  2458 | D:5      | Noticed a dream sheep
  2458 | D:5      | Noticed a dream sheep
  2458 | D:5      | Noticed a dream sheep
  2458 | D:5      | Found a shimmering altar of Xom.
  2462 | D:5      | Killed a dream sheep
  2462 | D:5      | Killed a dream sheep
  2462 | D:5      | Killed a dream sheep
  2462 | D:5      | Killed a dream sheep
  2463 | D:5      | Killed a dream sheep
  2717 | D:5      | Reached skill level 8 in Axes
  2895 | D:5      | Noticed an ice beast
  2903 | D:5      | Killed an ice beast
  2904 | D:5      | Reached skill level 5 in Fighting
  2904 | D:5      | Reached skill level 1 in Staves
  2904 | D:5      | Reached XP level 7. HP: 61/61 MP: 7/7
  3143 | D:5      | Found Piuvaan's Fire Supplies.
  3151 | D:5      | Bought a +1 mace of flaming for 173 gold pieces
  3518 | D:6      | Found a sparkling altar of Nemelex Xobeh.
  3886 | D:6      | Reached skill level 1 in Stealth
  3886 | D:6      | Reached XP level 8. HP: 67/69 MP: 8/8
  4246 | D:6      | Found an ornate altar of the Wu Jian Council.
  4347 | D:7      | Identified the +0 ring mail "Ticuriem" {Rampage Stlth+}
  4412 | D:7      | Found Joriusa's Distillery.
  4441 | D:7      | Reached skill level 1 in Maces & Flails
  4448 | D:7      | HP: 1/70 [gnoll sergeant/+0 spear (6)]
  4449 | D:7      | Reached skill level 5 in Armour
  4449 | D:7      | Slain by a gnoll sergeant

Illustrated notes

Levels and vault maps discovered:
D:1:      wander_arrival_desolate, layout_rooms,
          shapermc_ecumenical_altar_ellora, serial_shops,
          nicolae_shop_tiny_statue_garden
D:2:      minmay_recursive_quarters, layout_basic, basic_altar, serial_glass,
          glass_columns_b, glass_columns_c, glass_columns_c, glass_columns_a,
          glass_columns_a, glass_columns_a
D:3:      layout_basic, kennysheep_doodads, skrybe_limestone_x,
          uniq_crazy_yiuf_cottage
D:4:      minmay_clustersquares, layout_basic, uniq_robin, uniq_ijyb
D:5:      cheibrodos_two_vegetables, layout_gridville, kb_xom_exploding_sheep,
          minmay_temple_entry_sparse_star, nicolae_shop_fire_sale
          [nicolae_sub_dead_trees], hangedman_decor_lopped,
          chequers_serial_rivers_large_b, serial_bayou_lagoon_a,
          nicolae_half_adder
D:6:      layout_cave_pools, grunt_temple_overflow_open
D:7:      layout_basic, tso_oasis_becter, serial_shops, shop,
          nicolae_shop_tiny_waterfront, uniq_joseph

Skill      XL: |  1  2  3  4  5  6  7  8 |
---------------+-------------------------+-----
Fighting       | 4 5 |  5.8
Dodging        | 2 |  2.6
Axes           | 5 6 7 8 |  8.0
Armour         | 3 4 5 |  5.0
Staves         | 1 3 |  3.7
Stealth        | 1 |  1.1
Maces & Flails | 1 |  1.0
Throwing       | |  0.3

Action                     |  1- 3 |  4- 6 |  7- 9 || total
---------------------------+-------+-------+-------++-------
  Melee: Hand axe          |   116 |   113 |    74 ||   303
         Quarterstaff      |       |    23 |    16 ||    39
         Punch             |       |     1 |     1 ||     2
         Mace              |       |       |    18 ||    18
         War axe           |       |       |     2 ||     2
  Throw: Dart              |       |       |     3 ||     3
 Invoke: Berserk           |       |     3 |     4 ||     7
         Trog's Hand       |       |     2 |     3 ||     5
    Use: Scroll            |     4 |     4 |     3 ||    11
         Potion            |       |     7 |       ||     7
   Stab: Paralysed         |       |       |     1 ||     1
 Armour: Animal skin       |     8 |       |       ||     8
         Ring mail         |    32 |    16 |    21 ||    69
         Leather armour    |       |     6 |       ||     6
         Scale mail        |       |    11 |     4 ||    15
         Chain mail        |       |       |    46 ||    46
  Dodge: Dodged            |    83 |    98 |   117 ||   298

Table legend: (Time is in decaauts)
 A = Elapsed time spent in this place.
 B = Non-inter-level travel time spent in this place.
 C = Inter-level travel time spent in this place.
 D = Time resting spent in this place.
 E = Time spent auto-exploring this place.
 F = Levels seen in this place.
 G = Mean time per level.
                   A        B        C        D        E       F      G
               +--------+--------+--------+--------+--------+-----+--------+
         Total |   4561 |   4183 |    378 |    808 |      0 |   7 |  651.6 |
       Dungeon |   4561 |   4183 |    378 |    808 |      0 |   7 |  651.6 |
               +--------+--------+--------+--------+--------+-----+--------+

Top non-repeatable levels by time:
     D:5: 1204 daAuts
     D:3: 971 daAuts
     D:6: 808 daAuts
     D:2: 732 daAuts
     D:1: 494 daAuts
     D:4: 222 daAuts
     D:7: 128 daAuts
